 Dungeon Crawl Stone Soup version 0.18-a0-1126-ga2d7f46 (webtiles) character file.

37 st0uf the Insei (level 3, -6/28 HPs)
             Began as a Draconian Transmuter on Jan 21, 2016.
             Mangled by an orc priest
             ... wielding a +0 short sword
              (7 damage)
             ... on level 2 of the Dungeon.
             The game lasted 00:04:15 (1014 turns).

st0uf the Insei (Draconian Transmuter)              Turns: 1014, Time: 00:04:16

Health: -6/28      AC:  6    Str: 12    XL:     3   Next: 23%
Magic:  5/6        EV: 12    Int: 13    God:
Gold:   52         SH:  0    Dex: 12    Spells: 1 memorised, 5 levels left

rFire  . . .     SeeInvis .       - Unarmed
rCold  . . .     Gourm    .     (armour unavailable)
rNeg   . . .     Faith    .     (no shield)
rPois  .         Spirit   .     (helmet restricted)
rElec  .         Dismiss  .     q - +0 cloak
rCorr  .         Reflect  .     (no gloves)
SustAt .         Harm     .     (no boots)
MR     .....                    (no amulet)
Stlth  +.........               (no ring)
                                (no ring)

@: appendage, not resistant to hostile enchantments, very unstealthy
A: unfitting armour, horns 2, cold-blooded, AC +5
a: End Transformation


You were on level 2 of the Dungeon.
You were not hungry.
You had grown temporary horns.
You visited 1 branch of the dungeon, and saw 3 of its levels.

You collected 52 gold pieces.

Inventory:

Missiles
 a - 46 arrows
Armour
 q - a +0 cloak (worn)
Jewellery
 n - a cursed ring of teleportation {unknown}
Scrolls
 d - a scroll of immolation {unknown}
 e - a scroll of fear {unknown}
 f - 2 scrolls of identify {unknown}
 g - a scroll of random uselessness {unknown}
 k - a scroll of remove curse {unknown}
 l - a scroll of enchant armour {unknown}
 m - a scroll of recharging {unknown}
Potions
 h - 3 potions of lignification {unknown}
 j - a potion of might {unknown}
 o - a potion of curing {unknown}
Books
 b - a book of Changes

   Spells                             Type                      Level
   a - Beastly Appendage              Transmutation                1
   b - Sticks to Snakes               Transmutation                2
   c - Spider Form                    Transmutation/Poison         3
   d - Ice Form                       Ice/Transmutation            4
   e - Blade Hands                    Transmutation                5
Comestibles
 c - 3 bread rations
 i - a royal jelly
 p - 6 chunks of flesh
 r - a meat ration


   Skills:
 + Level 1.2 Fighting
 + Level 2.2 Dodging
 * Level 3.6 Unarmed Combat
 + Level 2.1 Spellcasting
 * Level 2.3 Transmutations


You had 5 spell levels left.
You knew the following spells:

 Your Spells              Type           Power        Failure   Level  Hunger
a - Beastly Appendage     Trmt           #.....       12%         1    ##.....


Dungeon Overview and Level Annotations

Branches:
Dungeon (3/15)

Altars:


Innate Abilities, Weirdness & Mutations

Your plain brown scales are hard (AC +5).
Your body does not fit into most forms of armour.
You are cold-blooded and may be slowed by cold attacks.
You have a pair of horns on your head.


Message History

The orc priest is heavily wounded.
The orc priest hits you but does no damage.
You hit the orc priest.
The orc priest is heavily wounded.
The orc priest hits you but does no damage.
You barely miss the orc priest.
The orc priest is heavily wounded.
The orc priest hits you but does no damage.
The orc priest barely misses you.
You closely miss the orc priest.
The orc priest is heavily wounded.
The orc priest barely misses you. The orc priest closely misses you.
You hit the orc priest.
The orc priest is almost dead.
The orc priest hits you but does no damage. x2
You closely miss the orc priest. Your headbutt misses the orc priest.
The orc priest is almost dead.
The orc priest barely misses you.
The orc priest hits you with a short sword!
You die...

#
#........#.######.##
#.##..####.## #...
#..........# ####
####..###### #..#
#..### #....########
#.o.........#
#.o@..#####.#
#.....# #.# ##...##
#.# ##.## #.# #.#
#.###.# #.# #.##)..
#.# #.##..# #.#
#.##..# #.# #.##..#


You could see 2 orc priests.

Vanquished Creatures
  2 giant geckos (D:1)
  An orc (D:3)
  A giant cockroach (D:1)
  3 goblins
  6 hobgoblins
  7 jackals
  2 kobolds (D:1)
  A ball python (D:1)
  4 giant newts
  3 rats
30 creatures vanquished.

Notes
Turn   | Place    | Note
--------------------------------------------------------------
     0 | D:1      | st0uf the Draconian Transmuter began the quest for the Orb.
     0 | D:1      | Reached XP level 1. HP: 16/16 MP: 3/3
   200 | D:1      | Reached XP level 2. HP: 14/23 MP: 5/5
   893 | D:2      | Reached XP level 3. HP: 26/28 MP: 4/6
  1008 | D:2      | HP: 1/28 [orc priest/short sword (1)]
  1014 | D:2      | Mangled by an orc priest

Vault maps used:
D:1:      sevenhm_arrival_forest_fort_large_4, minmay_cut_off
D:2:      minmay_joined_circles
D:3:      first_bread

Action                   || total
-------------------------++-------
Melee: Unarmed           ||   107
 Cast: Beastly Appendage ||    22
 Stab: Sleeping          ||     1
  Eat: Chunk             ||     1
